 Dungeon Crawl Stone Soup version 0.25.0-9-g26727b657a (webtiles) character file.

Game seed: 17897837563207887241

226 Matador8 the Caller (level 6, -6/49 HPs)
             Began as a Naga Summoner on June 21, 2020.
             Mangled by an ogre
             ... wielding a +0 giant spiked club
              (22 damage)
             ... on level 6 of the Dungeon.
             The game lasted 00:21:05 (4852 turns).

Matador8 the Caller (Naga Summoner)                 Turns: 4852, Time: 00:21:05

Health: -6/49      AC:  5    Str: 10    XL:     6   Next: 1%
Magic:  1/10       EV: 10    Int: 17    God:
Gold:   183        SH:  0    Dex: 12    Spells: 1/11 levels left

rFire    . . .     SeeInvis +   i - +0 dagger
rCold    . . .     Gourm    .   (no shield)
rNeg     . . .     Faith    .   a - +0 robe
rPois    +         Spirit   .   j - +1 hat
rElec    .         Reflect  .   w - +0 cloak
rCorr    .         Harm     .   (no gloves)
MR       .....                  (no barding)
Stlth    +++.......             (no amulet)
HPRegen  0.16/turn              (no ring)
MPRegen  0.12/turn              (no ring)

@: short of breath, very slow
A: large, see invisible, deformed body, poison resistance, slowness 2, slow
metabolism 1, spit poison 1, AC +2
a: Spit Poison


You were on level 6 of the Dungeon.
You were not hungry.

You visited 1 branch of the dungeon, and saw 4 of its levels.

You collected 183 gold pieces.

Inventory:

Hand Weapons
 i - a +0 dagger (weapon)
 q - a +0 quarterstaff
 t - a +0 trident
Missiles
 b - 8 silver javelins (quivered)
 k - 2 throwing nets
Armour
 a - a +0 robe (worn)
 j - a +1 hat (worn)
 w - a +0 cloak (worn)
Jewellery
 f - an uncursed ring of wizardry {unknown}
Scrolls
 e - a scroll of enchant weapon {unknown}
 g - a scroll of remove curse {unknown}
 h - a scroll of immolation {unknown}
 p - a scroll of blinking {unknown}
 s - 2 scrolls of amnesia {unknown}
 u - a scroll of identify {unknown}
 x - a scroll of fear {unknown}
Potions
 m - a potion of might {unknown}
 n - a potion of ambrosia {unknown}
 o - a potion of degeneration {unknown}
 r - 2 potions of berserk rage {unknown}
Comestibles
 c - 5 rations


   Skills:
 + Level 1.4 Polearms
 - Level 1.5 Dodging
 - Level 5.0 Stealth
 - Level 3.0 Spellcasting
 - Level 5.4 Summonings
 + Level 1.4 Ice Magic


You had one spell level left.
You knew the following spells:

 Your Spells              Type           Power        Failure   Level  Hunger
a - Summon Small Mammal   Summ           ###.         1%          1    None
b - Call Imp              Summ           ###.....     3%          2    ##.....
c - Call Canine Familiar  Summ           ###.....     6%          3    ###....
d - Summon Ice Beast      Ice/Summ       ##......     38%         4    ####...

Your spell library contained the following spells:

 Spells                   Type           Power        Failure   Level  Hunger
 Beastly Appendage        Tmut           #.....       17%         1    None
 Summon Guardian Golem    Hex/Summ       ##......     17%         3    ###....
 Sticks to Snakes         Tmut           #.......     26%         2    ##.....
 Spider Form              Tmut/Pois      #.........   45%         3    ###....
 Summon Lightning Spire   Summ/Air       ##......     50%         4    ####...
 Ice Form                 Ice/Tmut       #.......     78%         4    ####...
 Blade Hands              Tmut           #.........   99%         5    ######.


Dungeon Overview and Level Annotations

Branches:
Dungeon (3/15)

Altars:


Innate Abilities, Weirdness & Mutations

You cannot wear boots.
Your serpentine skin is tough. (AC +2)
You have supernaturally acute eyesight. (SInv)
Armour fits poorly on your strangely shaped body.
Your system is resistant to poisons. (rPois)
You cover ground very slowly.
You have a slow metabolism.
You can spit poison.


Message History

The orc wizard misses you.
Your crimson imp barely misses the orc wizard.
Your crimson imp blinks!
Your crimson imp completely misses the orc wizard.
The ogre hits you with a +0 giant spiked club!
* * * LOW HITPOINT WARNING * * *
Press: ? - help, Shift-Dir - straight line, f - ogre
Aim: an ogre, wielding a +0 giant spiked club Really fire in your crimson imp's direction?
Uppercase [Y]es or [N]o only, please.
Really fire in your crimson imp's direction?
The splash of poison hits the ogre!
The ogre is poisoned.
The ogre is moderately wounded.
You feel slightly more hungry.
Your crimson imp closely misses the orc wizard.
Your crimson imp hits the orc wizard.
You feel better.
Your crimson imp barely misses the orc wizard.
The ogre hits you with a +0 giant spiked club!!
You die...

## .# ..#..#
#.#.?# #.#..###
##.#######/......
.......##.5...#
#......@Oo5...###.
#..###)##.........
#(###o#..### #†#
#.# .# #.###.#..#
#.O.o....#
##.#####.# #.# #
#.#


You could see an ogre (poisoned), an orc wizard, an orc and 2 friendly crimson
imps.

Vanquished Creatures
  A worker ant (D:6)
  An adder (D:3)
  2 worms
  2 leopard geckos
  A ball python (D:1)
  2 giant cockroaches
  6 goblins
  A kobold (D:2)
  A quokka (D:2)
  2 bats
  3 frilled lizards (D:2)
  4 rats
26 creatures vanquished.

Vanquished Creatures (collateral kills)
  A bullfrog (D:6)
  An orc priest (D:3)
  3 orc wizards (D:3)
  2 adders
  4 oozes
  2 worms (D:2)
  A dart slug (D:1)
  2 leopard geckos
  8 orcs
  4 bats
  A giant cockroach (D:1)
  9 goblins
  3 hobgoblins
  2 jackals (D:3)
  A ball python (D:1)
  2 frilled lizards (D:1)
  6 kobolds
  7 rats
59 creatures vanquished.

Grand Total: 85 creatures vanquished

Notes
Turn   | Place    | Note
-------+----------+-------------------------------------------
     0 | D:1      | Matador8 the Naga Summoner began the quest for the Orb.
     0 | D:1      | Reached XP level 1. HP: 15/15 MP: 3/3
   186 | D:1      | Reached XP level 2. HP: 2/22 MP: 1/5
   190 | D:1      | Learned a level 2 spell: Call Imp
   941 | D:1      | HP: 1/22 [bat (1)]
  1573 | D:1      | Reached XP level 3. HP: 24/28 MP: 1/6
  3064 | D:2      | Reached XP level 4. HP: 11/36 MP: 5/8
  3850 | D:2      | Learned a level 3 spell: Call Canine Familiar
  4091 | D:3      | Reached skill level 5 in Summonings
  4166 | D:3      | Reached XP level 5. HP: 42/42 MP: 5/9
  4196 | D:3      | Reached skill level 5 in Stealth
  4729 | D:3      | Learned a level 4 spell: Summon Ice Beast
  4747 | D:3      | You fall into a shaft and drop 3 floors!
  4826 | D:6      | Noticed an ogre
  4835 | D:6      | Reached skill level 1 in Polearms
  4838 | D:6      | Reached skill level 1 in Ice Magic
  4838 | D:6      | Reached XP level 6. HP: 41/49 MP: 1/10
  4852 | D:6      | Mangled by an ogre

Illustrated notes

Levels and vault maps discovered:
D:1:      dpeg_arrival_subterranean_lakeside_camping, layout_rooms,
          chequers_serial_rivers_small_3
D:2:      layout_loops_corners, solitary_fountain, minmay_tetromino_i2
D:3:      layout_loops_cross, st_stairs_5
D:6:      layout_loops_ring

Skill      XL: |  1  2  3  4  5 |
---------------+----------------+-----
Stealth        | 4 5 |  5.0
Spellcasting   | 3 |  3.0
Summonings     | 5 |  5.4
Polearms       | 1 |  1.4
Ice Magic      | 1 |  1.4
Dodging        | |  1.5

Action                   |  1- 3 |  4- 6 || total
-------------------------+-------+-------++-------
Melee: Unarmed           |    27 |       ||    27
       Dagger            |    67 |    56 ||   123
 Cast: Summon Small Mamm |    28 |     6 ||    34
       Call Imp          |    17 |    16 ||    33
       Call Canine Famil |       |     7 ||     7
 Abil: Spit Poison       |    12 |    10 ||    22
  Use: Potion            |     1 |     2 ||     3
       Scroll            |       |     2 ||     2
 Stab: Sleeping          |     2 |     2 ||     4
  Eat: Chunk             |     6 |     6 ||    12
       Ration            |       |     1 ||     1
Armor: Robe              |    35 |    14 ||    49
Dodge: Dodged            |    86 |    38 ||   124
